Description

0:02 12 SCV 0:09 13 SCV 0:17 14 Supply Depot 0:22 14 SCV 0:34 15 SCV 0:40 16 Barracks 0:46 16 Rafinery 0:48 16 SCV 0:58 17 SCV 1:01 18 SCV 1:27 19 Barracks Reactor 1:28 19 Orbital Command Put out 1 SCV at refinery 1:40 Expand 2nd Command Center 1:51 Supply Depot 2:09 Build Marines (2x) 2:26 24 3rd Command Center 2:34 24 Factory 2:40 25 Put 1SCV in the 1st Refinery 2:43 27 Marine (2x) 2:47 27 2nd Refinery 2:55 28 2nd CC Orbital Command
3:05 Marines (2x) 3:19 32 TechLab Factory 3:20 32 Starport 3:27 35 Marines (2X) 3:40 40 3rd CC orbital Command 3:40 Siege Tank 4:00 48 Viking 4:09 49 Supply Depot 4:15 53 Siege Tank 4:20 2 more Refinerys 4:25 57 Marines (2x) 4:37 61 Supply Depot 4:52 62 Switch Factory and Barracks 4:54 63 2 Factorys and Reactor(Starport) 5:00 69 Supply Depot 5:05 Marines (2x) 5:10 71 Armory and Eng.Bay 5:16 Expand 3rd Base and 5/6th Refinery 5:27 72 Supply Depot 5:43 80 Techlab 3rd Factory 5:54 86 Supply Depot and Hellbats (2x) 6:05 92 Liberators (2x) 6:15 100 Supply Depot 6:20 107 Produce SiegeTanks,Hellbats and Liberators 6:28 Supply Depot (3x) 6:32 109 Blue Flame Upgrade(Hellbats) 6:45 118 Supply Depot 7:32 134 4th Command Center and 7/8 Refinery 7:40 147 Supply Depot 8:00 151 Weapons Upgrade Armory 8:08 157 AA Turrets 8:45 173 Command Center (2x) 9:17 175 Factorys and Starports (2x)

Build Order

Why is there no SALT encoding or Overwolf build?

  12  0:02  SCV x2  
  14  0:17  Supply Depot  
  14  0:22  SCV x2  
  16  0:40  Barracks  
  16  0:46  Refinery  
  16  0:48  SCV x3  
  19  1:27  Barracks Reactor  
  19  1:28  Orbital Command  Put out 1 SCV at Refinery
    1:40  Command Center  Expand 2nd CC
    1:51  Supply Depot  
    2:09  Marine x2  2x
  24  2:26  Command Center  3rd CC
  24  2:34  Factory  Put 1SCV in the 1st Refinery
  27  2:43  Marine  2x
  27  2:47  Refinery  2nd
  28  2:55  Orbital Command  2nd CC
    3:05  Marine  2X
  32  3:19  Factory Tech Lab  
  32  3:20  Starport  
  35  3:27  Marine x2  2x
  40  3:40  Siege Tank, Orbital Command  3rd CC
  48  4:00  Viking  
  49  4:09  Supply Depot  
  53  4:15  Siege Tank  
    4:20  Refinery x2  3th, 4th
  57  4:25  Marine x2  2x
  61  4:37  Supply Depot  
  62  4:52  Factory Reactor  Switch Factory and Barracks
  63  4:54  Factory, Starport Reactor  
  69  5:00  Supply Depot  
    5:05  Marine x2  2x
  71  5:10  Armory  
  71  5:11  Engineering Bay  
    5:16  Refinery x2, Command Center  Expand to 3rd Base, 5th, 6th
  72  5:27  Supply Depot  
  80  5:43  Factory Tech Lab  3rd Factory
  86  5:54  Supply Depot x2  
  86  5:56  Hellbat x2  
  92  6:05  Liberator x2  
  100  6:15  Supply Depot  
  107  6:20  Hellbat x2  
  108  6:21  Siege Tank  
  109  6:22  Liberator  
    6:28  Supply Depot x3  
  109  6:32  Fire-Suppression Systems  Blue Flame Upgrade
  118  6:45  Supply Depot  
  134  7:32  Command Center  4th CC
  134  7:33  Refinery x2  7/8
  147  7:40  Supply Depot  
  151  8:00  Terran Vehicle Weapons Level 1  
  173  8:45  Command Center x2  
  175  9:17  Factory x2  
  175  9:18  Starport x2  
Spawning Tool Build Advisor. Get it on Overwolf

Go to:

Details

  • Created by: Dennis_Kane    
  • Published on: Jun 24, 2021
  • Modified on: Jun 24, 2021
  • Patch: 4.11.0
  • Difficulty: Medium
Show

Export as new Build Order

Comments (0)

There are no comments. Be the first!

Create an account to comment!